 Dungeon Crawl Stone Soup version 0.28-a0-479-g5baa6b73be (webtiles) character file.

Game seed: 13008581578513232554

1612352 GEC the Spellbinder (level 26, 165/203 HPs)
             Began as a Demonspawn Enchanter on Sept 17, 2021.
             Was the Champion of Hepliaklqana.
             Escaped with the Orb
             ... and 3 runes on Sept 18, 2021!
             The game lasted 05:04:56 (76160 turns).

GEC the Spellbinder (Demonspawn Enchanter)         Turns: 76160, Time: 05:04:56

Health: 165/203    AC: 22    Str: 20    XL:     26   Next: 83%
Magic:  34/34      EV: 23    Int: 23    God:    Hepliaklqana [******]
Gold:   5638       SH: 14    Dex: 21    Spells: 7/46 levels left

rFire   + + +      SeeInvis +   R - +8 quick blade (vamp)
rCold   + . .      Faith    .   b - +3 buckler {rC+ rF+}
rNeg    . . .      Spirit   .   u - +1 ring mail of a Million Suns {Fly Str+4 Int+3}
rPois   +          Reflect  +   o - +2 hat {Stlth+}
rElec   +          Harm     .   g - +2 cloak of the Kraken {Rampage Dex+4}
rCorr   .          Rampage  +   U - +2 pair of gloves
Will    +....                   (boots unavailable)
Stlth   +++.......              O - amulet of Ukaunuck {Reflect rElec rF+ SH+5 SInv}
HPRegen 0.43/turn               q - +4 ring of protection
MPRegen 0.24/turn               s - ring of Babiokhle {rPois rF+}

@: frozen, flying, very slow
A: reduced essence, talons 3, slimy green scales 3, demonic guardian 3, powered
by death 3, augmentation 2, clever 1, deformed body, low mp 1, wild magic 2
0: Orb of Zot
}: 3/15 runes: decaying, abyssal, gossamer
a: Renounce Religion, Recall Ancestor, Ancestor Identity, Transference, Idealise


You escaped.
You worshipped Hepliaklqana.
Hepliaklqana was exalted by your worship.
You visited 10 branches of the dungeon, and saw 50 of its levels.
You visited the Abyss 2 times.
You also visited: Ice Cave.

You collected 7717 gold pieces.
You spent 2079 gold pieces at shops.

Inventory:

Hand Weapons
 R - a +8 vampiric quick blade (weapon)
Missiles
 M - 2 throwing nets
Armour
 b - a +3 buckler of resistance (worn)
 g - the +2 cloak of the Kraken (worn) {Rampage Dex+4}
   (You found it on level 1 of the Swamp)

   Dex:       It affects your dexterity (+4).
   Rampage:   It bestows one free step when moving towards enemies.
 o - a +2 hat of stealth (worn)
 u - the +1 ring mail of a Million Suns (worn) {Fly Str+4 Int+3}
   (You found it on level 6 of the Lair of Beasts)

   Str:       It affects your strength (+4).
   Int:       It affects your intelligence (+3).
   Fly:       It grants you flight.
 U - a +2 pair of gloves (worn)
Jewellery
 q - a +4 ring of protection (left hand)
 s - the ring of Babiokhle (right hand) {rPois rF+}
   (You took it off a deep elf annihilator on level 3 of the Elven Halls)

   [ring of poison resistance]

   rF:        It protects you from fire.
   rPois:     It protects you from poison.
 x - a ring of willpower
 F - a ring of protection from cold
 O - the amulet of Ukaunuck (around neck) {Reflect rElec rF+ SH+5 SInv}
   (You took it off a deep elf annihilator on level 3 of the Elven Halls)

   [amulet of reflection]

   It reflects blocked missile attacks.
   rF:        It protects you from fire.
   rElec:     It insulates you from electricity.
   SInv:      It lets you see invisible.
   SH:        It affects your SH (+5).
Wands
 a - a wand of charming (21)
 j - a wand of polymorph (9)
 k - a wand of iceblast (122)
 w - a wand of flame (219)
 y - a wand of digging (12)
 B - a wand of mindburst (15)
 P - a wand of paralysis (23)
 Q - a wand of acid (44)
Scrolls
 d - 22 scrolls of teleportation
 e - 6 scrolls of fog
 f - 6 scrolls of enchant armour
 h - a scroll of magic mapping
 i - 4 scrolls of summoning
 m - 2 scrolls of amnesia
 n - 3 scrolls of fear
 J - 4 scrolls of blinking
 K - 2 scrolls of immolation
 S - 4 scrolls of vulnerability
Potions
 c - 7 potions of invisibility
 l - 3 potions of might
 p - 22 potions of curing
 t - 6 potions of brilliance
 v - 4 potions of cancellation
 z - 7 potions of attraction
 A - 12 potions of ambrosia
 C - 5 potions of magic
 E - 5 potions of haste
 H - 11 potions of lignification
 W - 7 potions of heal wounds
 X - 4 potions of resistance
Miscellaneous
 I - a lightning rod (4/4)
 L - a condenser vane
 T - a tin of tremorstones (2/2)
 Z - a phantom mirror


   Skills:
 + Level 22.7 Fighting
 - Level 9.9 Short Blades
 + Level 8.5 Armour
 + Level 16.6 Dodging
 - Level 18.0 Stealth
 - Level 4.0 Shields
 - Level 10.8 Spellcasting
 O Level 27 Hexes
 - Level 1.0 Ice Magic
 - Level 1.0 Air Magic
 - Level 10.4 Invocations
 - Level 7.1 Evocations


You had 7 spell levels left.
You knew the following spells:

 Your Spells              Type           Power      Damage    Failure   Level
a - Ensorcelled Hibernat  Hex/Ice        100%       N/A       1%          2
b - Tukima's Dance        Hex            100%       N/A       1%          3
c - Discord               Hex            78%        N/A       3%          8
d - Invisibility          Hex            78%        N/A       1%          6
f - Silence               Hex/Air        61%        N/A       3%          5
g - Yara's Violent Unrav  Hex/Tmut       60%        3d23      3%          5
h - Metabolic Englaciati  Hex/Ice        61%        N/A       3%          5
i - Summon Mana Viper     Hex/Summ       100%       N/A       3%          5

Your spell library contained the following spells:

 Spells                   Type           Power      Damage    Failure   Level
 Slow                     Hex            100%       N/A       1%          2
 Confusing Touch          Hex            100%       N/A       1%          3
 Dazzling Flash           Conj/Hex       100%       N/A       1%          3
 Portal Projectile        Hex/Tloc       100%       N/A       1%          3
 Summon Guardian Golem    Hex/Summ       100%       N/A       1%          3
 Cause Fear               Hex            78%        N/A       1%          4
 Fulminant Prism          Conj/Hex       60%        3d27      1%          4
 Leda's Liquefaction      Hex/Erth       60%        N/A       1%          4
 Freeze                   Ice            100%       1d11      13%         1
 Shock                    Conj/Air       100%       1d9       16%         1
 Animate Skeleton         Necr           70%        N/A       19%         1
 Apportation              Tloc           70%        N/A       19%         1
 Pain                     Necr           100%       1d9       19%         1
 Sandblast                Erth           70%        2d15      19%         1
 Sting                    Tmut/Pois      100%       1d8       19%         1
 Summon Small Mammal      Summ           100%       N/A       19%         1
 Corpse Rot               Necr/Air       N/A        N/A       21%         2
 Poisonous Vapours        Pois/Air       84%        N/A       21%         2
 Static Discharge         Conj/Air       42%        N/A       21%         2
 Blink                    Tloc           N/A        N/A       24%         2
 Passwall                 Tmut/Erth      29%        N/A       24%         2
 Scorch                   Fire           70%        2d8       24%         2
 Sublimation of Blood     Necr           17%        N/A       24%         2
 Frozen Ramparts          Ice            98%        1d11      30%         3
 Swiftness                Air            49%        N/A       30%         3
 Mephitic Cloud           Conj/Pois/Air  40%        N/A       38%         3
 Call Canine Familiar     Summ           35%        N/A       41%         3
 Gell's Gravitas          Tloc           17%        N/A       41%         3
 Ignite Poison            Fire/Tmut/Pois 35%        N/A       41%         3
 Spider Form              Tmut/Pois      17%        N/A       41%         3
 Stone Arrow              Conj/Erth      70%        3d11      41%         3
 Teleport Other           Tloc           35%        N/A       41%         3
 Vampiric Draining        Necr           17%        2d8       41%         3
 Airstrike                Air            24%        N/A       65%         4
 Hailstorm                Conj/Ice       42%        3d10      71%         4
 Ice Form                 Ice/Tmut       42%        N/A       71%         4
 Summon Ice Beast         Ice/Summ       42%        N/A       71%         4
 Summon Lightning Spire   Summ/Air       42%        N/A       71%         4
 Animate Armour           Summ/Erth      70%        N/A       78%         4
 Dispel Undead            Necr           35%        3d15      78%         4
 Flame Wave               Conj/Fire      35%        3d8       78%         4
 Iskenderun's Mystic Bla  Conj/Tloc      35%        2d8       78%         4
 Olgreb's Toxic Radiance  Pois           35%        N/A       78%         4
 Passage of Golubria      Tloc           N/A        N/A       78%         4
 Petrify                  Tmut/Erth      35%        N/A       78%         4
 Sticky Flame             Conj/Fire      35%        2d5       78%         4
 Freezing Cloud           Conj/Ice/Air   22%        6-21      94%         5
 Lightning Bolt           Conj/Air       21%        1d36      95%         5
 Agony                    Necr           35%        N/A       97%         5
 Blade Hands              Tmut           17%        N/A       97%         5
 Borgnjor's Vile Clutch   Necr/Erth      17%        N/A       97%         5
 Excruciating Wounds      Necr           17%        N/A       97%         5
 Fireball                 Conj/Fire      17%        3d9       97%         5
 Iskenderun's Battlesphe  Conj           35%        2d9       97%         5
 Lee's Rapid Deconstruct  Erth           17%        3d12*     97%         5
 Conjure Ball Lightning   Conj/Air       21%        3x3d6     100%        6
 Death Channel            Necr           17%        N/A       100%        6
 Dispersal                Tloc           17%        N/A       100%        6
 Eringya's Noxious Bog    Tmut/Pois      17%        N/A       100%        6
 Iron Shot                Conj/Erth      17%        9d4       100%        6
 Simulacrum               Ice/Necr       21%        N/A       100%        6
 Statue Form              Tmut/Erth      23%        N/A       100%        6
 Dragon Form              Tmut           17%        N/A       100%        7
 Malign Gateway           Summ/Tloc      17%        N/A       100%        7
 Monstrous Menagerie      Summ           17%        N/A       100%        7
 Orb of Destruction       Conj           17%        9d8       100%        7
 Spellforged Servitor     Conj/Summ      17%        N/A       100%        7
 Borgnjor's Revivificati  Necr           17%        N/A       100%        8
 Disjunction              Tloc           17%        N/A       100%        8
 Lehudib's Crystal Spear  Conj/Erth      17%        10d5      100%        8
 Maxwell's Capacitive Co  Air            24%        ∞         100%        8
 Necromutation            Tmut/Necr      17%        N/A       100%        8
 Summon Horrible Things   Summ           17%        N/A       100%        8
 Dragon's Call            Summ           17%        N/A       100%        9


Dungeon Overview and Level Annotations

Branches:
Dungeon (15/15)            Temple (1/1) D:7            Lair (6/6) D:9
  Swamp (4/4) Lair:4       Spider (4/4) Lair:4        Slime (0/5) Lair:6
    Orc (2/2) D:11            Elf (3/3) Orc:2        Vaults (5/5) D:13
  Crypt (0/3) Vaults:2     Depths (5/5) D:15            Zot (5/5) Depths:5
  IceCv (visited)

Altars:
Ashenzari
Cheibriados
Dithmenos
Elyvilon
Fedhas
Gozag
Hepliaklqana
Kikubaaqudgha
Makhleb
Nemelex Xobeh
Okawaru
Qazlal
Ru
Sif Muna
Trog
Uskayaw
Vehumet
Wu Jian
Xom
Yredelemnul
Zin
The Shining One
Beogh
Lugonu

Shops:
D:1 *   D:9 :   Orc:2 (=([!   Zot:2 *

Portals:
Hell: Depths:1 Depths:2 Depths:3 Depths:4 Depths:5
Abyss: Depths:2 Depths:4
Pandemonium: Depths:1 Depths:3
Ziggurat: Depths:2

Annotations:
Swamp:4 3 runed translucent doors, Deodd's ghost, adept GrFi; Phlounder's ghost, adept DjFE; Pooter's ghost, adept HOFi; Racryxty's ghost, adept MiBe; robertstho's ghost, adept DjFE
Elf:2 3 runed translucent doors
Vaults:3 1 exclusion
Vaults:5 Mennas
Zot:3 3 runed translucent doors, Heeggyum's ghost, legendary GnFi
Zot:5 1 exclusion


Innate Abilities, Weirdness & Mutations

Your life essence is reduced to manifest your ancestor. (-10% HP)
You have claws for feet.
You are completely covered in slimy green scales. (AC +4, rPois)
A powerful demonic guardian rushes to your aid.
You regenerate a lot of health from kills.
Your magical and physical power is enhanced at high health.
Your mind is acute. (Int +2)
Armour fits poorly on your strangely shaped body.
Your magical capacity is low. (-10% MP)
Your spells are harder to cast, but more powerful.


Message History

You barely miss the smoke demon.
The smoke demon is moderately wounded.
You hit the smoke demon but do no damage.
You claw the smoke demon!
The smoke demon is severely wounded.
You block the smoke demon's attack. The smoke demon barely misses you.
The smoke demon completely misses you.
You hit the smoke demon but do no damage.
You claw the smoke demon.
The smoke demon is almost dead.
You impale the smoke demon!!
You kill the smoke demon!
There is a stone staircase leading up here.
You fly upwards.
There is a stone staircase leading down here.
A red devil comes into view. It is wielding a +0 trident.
Pimeary comes into view.
Pimeary says, "Embrace thy dedition, thou froward earth-vexing slime mould!"
Pimeary gestures at you.
Pimeary conjures a mighty blast of ice!
The great icy blast engulfs you!!! You partially resist.
You are encased in ice.
Unknown command.
You swap places.
Fikile is engulfed in freezing vapours.
Unknown command.
Blink to where?
Press: ? - help, Dir - move target A smoke demon comes into view.
As you read the scroll of blinking, it crumbles to dust.
Pimeary is engulfed in freezing vapours.
The red devil barely misses you.
Fikile is engulfed in freezing vapours.
Fikile gestures wildly while chanting.
Fikile seems to speed up.
The smoke demon closely misses you. You block the smoke demon's attack.
The smoke demon completely misses you.
Unknown command.
Fikile is engulfed in freezing vapours.
The red devil completely misses you. You block Pimeary's attack.
The smoke demon closely misses you. x2
The smoke demon completely misses you.
You have escaped!

.....###.#
###..#...# #..#.###
#######
#..#.#####....§#
##.#.......###§#
####.#.#.##### #☼#
#......#.##.####R##
#.#......#'#.##34&##
..#.#..###.##'..@..#
..'..[.##...###...##
..#...##.....###'##
..#...#........'.#
..#.#.##.....###'##
###.#..##...###...##
#.#...##.##'.....#
###'###..#'#(##...##
.....##..##.####.##


You could see the friendly Fikile the knight (fast), Pimeary (ally target), a
smoke demon and a red devil.

Vanquished Creatures
  3 dread liches
  3 orbs of fire
  3 Killer Klowns (Zot:5)
  The ghost of jlumianski the Warrior, a veteran KoBe of Trog (Vaults:1)
  3 caustic shrikes (Depths:5)
  3 golden dragons
  A bone dragon (Depths:4)
  3 electric golems
  Jorgrun (Orc:2)
  6 tentacled monstrosities
  4 liches
  13 Orb Guardians
  A titan (Depths:3)
  2 deep elf master archers
  7 quicksilver dragons
  2 sphinxes (Vaults:2)
  5 death cobs
  Gastronok (Lair:1)
  4 tentacled starspawn
  The ghost of dolemite99 the Nimble, an adept GnGl of Nemelex Xobeh (Swamp:1)
  2 shadow dragons
  2 nagarajas (Abyss:3)
  2 storm dragons
  A tengu reaver (Vaults:3)
  A fenstrider witch (Swamp:4)
  2 draconian knights
  An orc warlord (Orc:2)
  2 ghost moths (Spider:4)
  4 vault wardens
  2 emperor scorpions (Spider:4)
  A cacodemon (Depths:3)
  2 fire giants
  A curse skull (Vaults:2)
  5 deep elf sorcerers
  2 frost giants
  Louise (Spider:3)
  A draconian shifter (Zot:1)
  A draconian stormcaller (Zot:4)
  A draconian annihilator (Zot:4)
  A deep elf elementalist (Elf:3)
  An iron dragon (Depths:5)
  2 spriggan defenders (Depths:3)
  The ghost of Iwuung the Fighter, a journeyman DjFE of Makhleb (Lair:4)
  9 very ugly things
  8 ironbound preservers
  8 stone giants
  6 deep elf demonologists
  8 black draconians
  3 green draconians
  5 deep elf annihilators (Elf:3)
  2 vampire knights
  6 red draconians
  2 yellow draconians
  An entropy weaver (Spider:4)
  4 white draconians
  A dire elephant (Vaults:3)
  3 purple draconians
  3 bunyips
  A green death (D:2)
  5 spark wasps
  2 eleionomae
  7 deep elf death magi
  A merfolk javelineer (Depths:3)
  A jiangshi (Depths:3)
  4 yaktaur captains
  2 ettins
  3 vault guards
  2 great orbs of eyes
  A shambling mangrove (Swamp:4)
  3 rakshasas
  5 ironbound thunderhulks
  5 fire dragons
  A boulder beetle (D:12)
  6 deep elf high priests (Elf:3)
  A ghost crab (Swamp:3)
  10 hydras
  7 ironbound frosthearts
  2 spriggan air magi
  3 deep troll shamans
  2 two-headed ogres
  2 centaur warriors
  21 death yaks
  A satyr (Abyss:3)
  9 dancing weapons
  A hell hog (Abyss:1)
  11 alligators
  2 tengu warriors
  3 deep troll earth magi
  4 thrashing horrors
  2 titan zombies (Depths:2)
  A soul eater (Depths:3)
  2 ironbound beastmasters
  2 spriggan berserkers (Depths:3)
  An orc high priest (Orc:1)
  6 deep elf knights
  A storm dragon zombie (Depths:2)
  A sixfirhy (Depths:3)
  3 hell knights (Depths:3)
  A wretched star (Abyss:2)
  3 skeletal warriors
  4 iron trolls
  A shadow wraith (Abyss:2)
  3 goliath frogs
  A spectral spriggan (Swamp:1)
  A spark wasp zombie (Depths:2)
  A gelid demonspawn (Depths:1)
  A golden dragon zombie (Depths:2)
  A torturous demonspawn (Depths:3)
  A glowing orange brain (shapeshifter) (Depths:4)
  2 bog bodies
  8 swamp dragons
  5 deep elf archers
  10 ironbound convokers
  3 spriggan druids (Swamp:3)
  7 wizards
  A spectral iron dragon (Vaults:1)
  3 glowing orange brains
  2 tengu zombies (Depths:2)
  4 harpies (Vaults:2)
  3 necromancers
  30 deep trolls
  A lindwurm (Lair:6)
  2 orc knights
  3 phantasmal warriors
  An orc sorcerer (Orc:2)
  7 oklob plants
  12 orb spiders
  A fire giant zombie (Depths:2)
  2 will-o-the-wisps
  28 ugly things
  18 deep elf pyromancers
  11 deep elf zephyrmancers
  3 stone giant zombies (Depths:2)
  A wolf spider (shapeshifter) (Depths:5)
  19 moths of wrath
  A spectral ettin (Vaults:1)
  6 cyclopes
  3 manticores
  A frost giant zombie (Depths:2)
  23 wolf spiders
  2 worldbinders
  Maurice (D:10)
  6 spriggan zombies
  18 elephants
  An ice statue (IceCv)
  An apocalypse crab (Abyss:3)
  6 smoke demons
  A salamander (Depths:2)
  4 black mambas
  A titan simulacrum (Vaults:1)
  Joseph (D:7)
  16 cane toads
  A torpor snail (Spider:2)
  13 vault sentinels
  A spectral elf (Vaults:1)
  A gargoyle (D:12)
  Maggie (D:7)
  An orange demon (Abyss:2)
  10 yaktaurs
  4 rime drakes
  2 elf zombies (Depths:2)
  A tormentor (Depths:3)
  7 komodo dragons
  3 hellions
  A demonic crawler (Spider:2)
  2 tengu conjurers
  An ancient zyme (Abyss:2)
  A golden dragon simulacrum (Vaults:1)
  A meliai (Spider:4)
  A spectral death drake (Swamp:1)
  5 trolls
  8 tyrant leeches
  19 jumping spiders
  5 polar bears
  12 hornets
  4 raiju
  22 blink frogs
  15 slime creatures
  4 dream sheep (Lair:4)
  An iron dragon simulacrum (Vaults:1)
  A blink frog (shapeshifter) (D:14)
  6 flying skulls (Abyss:2)
  4 water elementals
  A shapeshifter (D:13)
  A vampire (D:12)
  2 wraiths
  9 spriggans
  An air elemental (Elf:1)
  4 starcursed masses (Abyss:3)
  41 redbacks
  17 tarantellas
  7 wyverns
  3 small abominations
  54 yaks
  2 fire elementals
  4 ynoxinuls
  2 neqoxecs
  7 basilisks
  Eustachio (D:5)
  2 human simulacra (Vaults:1)
  A yaktaur simulacrum (Vaults:1)
  2 chaos spawn (Elf:1)
  A spriggan simulacrum (Swamp:1)
  14 vampire mosquitoes
  5 wargs
  A human zombie (Depths:2)
  5 large abominations
  An acid dragon (D:10)
  10 swamp worms
  16 water moccasins
  An ice beast (D:6)
  A floating eye (Depths:3)
  4 swamp drakes
  27 orc warriors
  A black bear (Lair:6)
  2 hornet zombies
  5 ogres
  3 necrophages (D:4)
  4 boggarts (Vaults:1)
  19 wolves
  A centaur (D:9)
  14 bullfrogs
  A kobold brigand (D:7)
  A gnoll sergeant (D:7)
  An earth elemental (Elf:3)
  A scorpion (D:4)
  2 water moccasin zombies
  A water moccasin skeleton (D:6)
  27 killer bees
  A wight (D:10)
  A howler monkey (D:5)
  3 quasits
  5 centaur zombies
  A jelly (D:4)
  21 orc priests
  4 hounds
  3 centaur skeletons
  An iron imp (Abyss:2)
  A bullfrog skeleton (D:4)
  A scorpion zombie (D:4)
  4 hell rats (Lair:3)
  An iguana (Lair:4)
  34 orc wizards
  3 hound zombies
  A howler monkey zombie (D:8)
  6 gnolls
  8 adders
  4 river rats (Lair:3)
  3 shadow imps
  10 white imps
  2 adder skeletons (D:4)
  An adder zombie (D:4)
  2 worms
  2 dart slugs (D:1)
  71 orcs
  6 ball pythons
  6 bats
  7 endoplasms
  2 giant cockroaches
  4 hobgoblins
  5 jackals
  3 quokkas
  3 frilled lizards
  5 goblins
  11 kobolds
  7 rats
  A bush (D:4)
  A lurking horror (Abyss:3)
  3 starspawn tentacles
1365 creatures vanquished.

Vanquished Creatures (collateral kills)
  2 orbs of fire
  An ancient lich (Zot:5)
  Bai Suzhen (Spider:3)
  2 Killer Klowns (Zot:5)
  A caustic shrike (Depths:4)
  5 golden dragons
  A profane servitor (Abyss:3)
  Arachne (Spider:3)
  9 Orb Guardians (Zot:5)
  10 tentacled monstrosities
  Mlioglotl (Swamp:2)
  A Hell Sentinel (D:11)
  2 quicksilver dragons
  3 deep elf blademasters (Elf:3)
  A deep elf master archer (Elf:3)
  2 death cobs
  2 Executioners
  2 sphinxes
  2 thorn hunters (Swamp:4)
  A tentacled starspawn (Abyss:2)
  A shadow dragon (Zot:5)
  A tengu reaver (Depths:3)
  A fenstrider witch (Swamp:4)
  3 draconian monks
  3 fire giants
  2 storm dragons
  6 vault wardens
  7 draconian knights
  5 draconian scorchers
  4 ghost moths
  5 frost giants
  An orc warlord (Vaults:3)
  2 emperor scorpions
  3 draconian shifters
  A cacodemon (Abyss:1)
  4 deep elf sorcerers
  2 draconian stormcallers
  4 deep elf elementalists
  5 ironbound preservers
  2 draconian annihilators (Zot:1)
  6 stone giants
  A caustic shrike skeleton (Depths:2)
  A spriggan defender (Depths:3)
  A reaper (Depths:5)
  A deep elf demonologist (Elf:3)
  12 very ugly things
  6 starcursed masses
  A vampire knight (Depths:4)
  A dire elephant (Vaults:2)
  3 entropy weavers
  5 red draconians
  7 green draconians
  6 black draconians
  2 spark wasps
  9 white draconians
  5 yellow draconians
  4 purple draconians
  4 deep elf annihilators (Elf:3)
  A blizzard demon (Depths:1)
  A bunyip (Swamp:4)
  A quicksilver dragon zombie (Depths:2)
  A jiangshi (Depths:3)
  A green death (Abyss:2)
  A deep elf death mage (Elf:1)
  A spectral fenstrider witch (Swamp:1)
  2 fire dragons
  A yaktaur captain (Vaults:1)
  A deep elf high priest (Elf:3)
  4 ettins
  2 shambling mangroves (Swamp:4)
  Fannar (Lair:1)
  4 ironbound thunderhulks
  A great orb of eyes (Depths:4)
  A hell beast (Depths:5)
  10 hydras
  21 vault guards
  A spriggan air mage (Depths:3)
  A hydra (shapeshifter) (Elf:3)
  A catoblepas (Lair:6)
  Harold (Lair:2)
  5 ice dragons
  A monstrous demonspawn (Depths:4)
  5 centaur warriors (Vaults:1)
  12 dancing weapons
  4 ironbound frosthearts
  4 two-headed ogres
  5 deep troll shamans
  An alligator (Swamp:3)
  6 deep troll earth magi
  4 spriggan berserkers
  3 vampire magi
  A tengu warrior (Depths:5)
  An orc high priest (Elf:1)
  3 deep elf knights (Elf:2)
  2 ironbound beastmasters
  4 death yaks
  A thrashing horror (Abyss:2)
  2 iron trolls
  Urug (D:11)
  2 wretched stars
  3 hell knights (Depths:3)
  A spatial maelstrom (Abyss:2)
  19 deep trolls
  9 skeletal warriors
  4 swamp dragons (Swamp:4)
  A quicksilver dragon simulacrum (Depths:5)
  5 deep elf archers
  6 wizards
  An infernal demonspawn (Depths:4)
  3 fenstrider witch simulacra (Swamp:1)
  3 orc knights
  4 bog bodies
  A phantasmal warrior (Depths:1)
  4 ironbound convokers
  3 lindwurms
  3 deep elf pyromancers
  2 deep elf zephyrmancers
  3 orc sorcerers
  A necromancer (Depths:3)
  4 orb spiders
  A cyclops (shapeshifter) (Depths:3)
  A frost giant zombie (Depths:2)
  An oklob plant (Lair:2)
  A manticore (D:12)
  2 will-o-the-wisps
  A manticore (shapeshifter) (Depths:5)
  33 ugly things
  6 wolf spiders
  A salamander (Depths:2)
  A faun (shapeshifter) (Depths:3)
  5 elephants
  2 cyclopes (D:14)
  8 vault sentinels
  3 fire giant zombies (Depths:2)
  5 moths of wrath
  2 centaur zombies (D:11)
  A rust devil (Depths:1)
  A torpor snail (Spider:2)
  2 smoke demons (Abyss:2)
  An unseen horror (D:12)
  3 orange demons
  A rime drake (Lair:1)
  2 knights
  3 cane toads
  A centaur skeleton (D:15)
  2 komodo dragons (Lair:2)
  A demonic crawler (Spider:4)
  13 yaktaurs
  A hellwing (Abyss:2)
  2 spectral death drakes (Swamp:1)
  2 queen bees
  12 jumping spiders
  6 polar bears
  2 meliai (Spider:4)
  A wolf spider simulacrum (D:15)
  4 raiju
  14 hornets
  3 tyrant leeches
  3 dream sheep (Lair:4)
  12 blink frogs
  6 slime creatures
  2 spriggan zombies (Depths:2)
  An elf simulacrum (Vaults:1)
  34 redbacks
  A shadow (D:10)
  6 water elementals
  6 spriggans
  10 tarantellas
  2 air elementals (Elf:2)
  A ynoxinul (Abyss:3)
  Sigmund (D:2)
  4 wyverns
  14 yaks
  5 basilisks
  A nameless horror (Zot:5)
  6 chaos spawn
  2 neqoxecs
  5 vampire mosquitoes
  A spriggan simulacrum (Swamp:1)
  A warg (D:11)
  2 large abominations
  An acid dragon (D:11)
  2 small abominations (Abyss:2)
  3 water moccasins
  A meliai simulacrum (D:15)
  2 swamp drakes
  11 orc warriors
  8 ogres
  2 boggarts (Vaults:1)
  6 wolves
  A centaur (D:7)
  4 earth elementals
  6 bullfrogs
  A scorpion (D:7)
  A human simulacrum (Vaults:1)
  A tengu zombie (Depths:2)
  30 killer bees
  5 wights (D:10)
  4 orc priests
  Crazy Yiuf (D:7)
  7 orc wizards
  2 adders (Lair:4)
  6 gnolls
  2 river rats (Lair:3)
  7 white imps
  49 orcs
  3 goblins
  A hobgoblin (Depths:1)
  A jackal (D:2)
  A kobold (D:1)
  3 training dummies (Elf:2)
  A starspawn tentacle (Abyss:3)
843 creatures vanquished.

Vanquished Creatures (others)
  A caustic shrike (Depths:5)
  An Orb Guardian (Zot:5)
  A deep elf master archer (Elf:3)
  A death cob (Zot:1)
  A storm dragon (Depths:5)
  A draconian scorcher (Depths:5)
  2 draconian annihilators
  A black draconian (Zot:5)
  A red draconian (Zot:5)
  3 yellow draconians
  2 white draconians
  A vault guard (Vaults:5)
  A yaktaur captain (Vaults:4)
  A hell beast (Depths:5)
  A centaur warrior (Vaults:1)
  A deep troll (Depths:5)
  A deep elf zephyrmancer (Elf:1)
  A wolf spider (Spider:2)
  An unseen horror (D:12)
  An ancient zyme (Abyss:3)
  A yaktaur (Vaults:3)
  A demonic crawler (Spider:2)
  4 bloated husks
  A jumping spider (Spider:2)
  18 dancing weapons
  A small abomination (Abyss:2)
  2 ancestors
  35 knights
  2 orc wizards (Orc:1)
  An orc (Orc:1)
  2 briar patches (Swamp:4)
  5 bushes
  10 foxfires
  34 fungi
  49 plants
  10 starspawn tentacles
  2 withered plants (Lair:4)
202 creatures vanquished.

Grand Total: 2410 creatures vanquished

Notes
Turn   | Place    | Note
-------+----------+-------------------------------------------
     0 | D:1      | GEC the Demonspawn Enchanter began the quest for the Orb.
     0 | D:1      | Reached XP level 1. HP: 13/13 MP: 3/3
   131 | D:1      | Reached skill level 1 in Short Blades
   313 | D:1      | Found Yneocysigu's Assorted Antiques.
   428 | D:1      | Gained mutation: A weak demonic guardian rushes to your
                  | aid. [demonic ancestry]
   428 | D:1      | Reached XP level 2. HP: 19/19 MP: 5/5
   517 | D:2      | Learned a level 2 spell: Ensorcelled Hibernation
  1598 | D:2      | Gained mutation: You are partially covered in slimy green
                  | scales. (AC +2) [demonic ancestry]
  1598 | D:2      | Reached XP level 3. HP: 24/24 MP: 6/6
  1658 | D:2      | Reached skill level 1 in Shields
  1933 | D:2      | Noticed Sigmund
  1971 | D:2      | Learned a level 3 spell: Tukima's Dance
  2038 | D:2      | Killed Sigmund
  2039 | D:2      | Reached skill level 4 in Hexes
  2039 | D:2      | Reached skill level 1 in Ice Magic
  2039 | D:2      | Reached XP level 4. HP: 30/30 MP: 1/7
  2039 | D:2      | Reached XP level 5. HP: 35/35 MP: 1/8
  3069 | D:3      | Found an ornate altar of the Wu Jian Council.
  3407 | D:3      | Learned a level 3 spell: Confusing Touch
  3913 | D:1      | Bought a pair of gloves for 94 gold pieces
  3947 | D:1      | Identified a scroll of acquirement
  3947 | D:1      | Acquired 1231 gold pieces
  3995 | D:1      | Bought a scroll labelled FIGHONN XUPS for 21 gold pieces
  3995 | D:1      | Bought a scroll labelled DOIRRAENIN for 21 gold pieces
  3995 | D:1      | Bought a scroll labelled MYASCHU PAOCKU for 21 gold pieces
  3995 | D:1      | Bought a scroll labelled ROFIOL XYAPRA for 21 gold pieces
  3995 | D:1      | Bought a scroll labelled MYASCHU PAOCKU for 21 gold pieces
  3995 | D:1      | Bought a murky blue potion for 18 gold pieces
  4092 | D:4      | Reached XP level 6. HP: 41/41 MP: 9/9
  4455 | D:4      | Reached skill level 5 in Hexes
  4526 | D:4      | Found a blossoming altar of Fedhas.
  4749 | D:4      | Found a shadowy altar of Dithmenos.
  5333 | D:4      | Reached XP level 7. HP: 31/46 MP: 10/10
  5385 | D:4      | Reached skill level 6 in Hexes
  5576 | D:5      | Entered Level 5 of the Dungeon
  5775 | D:5      | Found an iron altar of Okawaru.
  6231 | D:5      | Gained mutation: You regenerate a little health from kills.
                  | [demonic ancestry]
  6231 | D:5      | Reached XP level 8. HP: 50/52 MP: 11/11
  6250 | D:5      | Reached skill level 5 in Stealth
  6302 | D:5      | Found a sacrificial altar of Ru.
  6302 | D:5      | Found a faded altar of an unknown god.
  6310 | D:5      | Found an ancient bone altar of Kikubaaqudgha.
  6312 | D:5      | Found a basalt altar of Yredelemnul.
  6314 | D:5      | Found a faded altar of an unknown god.
  6591 | D:5      | Reached skill level 7 in Hexes
  6844 | D:5      | Noticed Eustachio
  6927 | D:5      | Killed Eustachio
  7568 | D:6      | Found a large runed translucent door.
  7948 | D:6      | Reached skill level 8 in Hexes
  8121 | D:6      | Found a large runed translucent door.
  8401 | D:6      | Found a bloodstained altar of Trog.
  8413 | D:6      | Found a broken altar of Ashenzari.
  8892 | D:7      | Gained mutation: You regenerate health from kills. [demonic
                  | ancestry]
  8892 | D:7      | Reached XP level 9. HP: 55/57 MP: 12/12
  9013 | D:7      | Noticed Maggie
  9033 | D:7      | Reached skill level 5 in Short Blades
  9038 | D:7      | Killed Maggie
  9208 | D:7      | Found a staircase to the Ecumenical Temple.
  9209 | D:7      | Noticed Joseph
  9216 | Temple   | Entered the Ecumenical Temple
  9233 | Temple   | Became a worshipper of Hepliaklqana the Forgotten
  9857 | D:7      | Killed Joseph
  9858 | D:7      | Reached skill level 9 in Hexes
 10197 | D:7      | Found a runed translucent door.
 10198 | D:7      | Noticed Crazy Yiuf
 10347 | D:7      | Killed Crazy Yiuf
 10491 | D:8      | Found a burning altar of Makhleb.
 10499 | D:8      | Learned a level 3 spell: Dazzling Flash
 10601 | D:8      | Identified the ring "Diqy" {rPois Int+4 SInv}
 10889 | D:8      | Gained mutation: A demonic guardian rushes to your aid.
                  | [demonic ancestry]
 10889 | D:8      | Reached XP level 10. HP: 48/63 MP: 2/13
 10906 | D:8      | Reached skill level 1 in Fighting
 11216 | D:8      | Reached skill level 10 in Hexes
 11754 | D:9      | You fall into a shaft and drop 3 floors!
 11834 | D:12     | Reached * piety under Hepliaklqana
 11854 | D:12     | Noticed a skeletal warrior
 11919 | D:12     | Identified the +0 ring mail of Unambiguity {Stlth+}
 12168 | D:10     | Entered Level 10 of the Dungeon
 12493 | D:9      | Reached skill level 5 in Dodging
 12497 | D:9      | Identified the +6 chain mail of Atyaxen {Rampage rC+ Regen+
                  | Str+2}
 12538 | D:9      | Found Wisueqid's Book Shop.
 12897 | D:9      | Reached skill level 11 in Hexes
 12897 | D:9      | Reached XP level 11. HP: 67/67 MP: 7/14
 13028 | D:9      | Found a staircase to the Lair.
 13948 | D:10     | Reached ** piety under Hepliaklqana
 13949 | D:10     | Remembered your ancestor Fikile as a knight
 14245 | D:10     | Noticed Maurice
 14248 | D:10     | Killed Maurice
 14537 | Lair:1   | Entered Level 1 of the Lair of Beasts
 14794 | Lair:1   | You fall into a shaft and drop 1 floor!
 14881 | Lair:2   | Noticed Harold
 14901 | Lair:2   | Killed Harold
 14916 | Lair:2   | Noticed a death yak
 14918 | Lair:2   | Noticed a death yak
 14918 | Lair:2   | Noticed a death yak
 14921 | Lair:2   | Noticed a death yak
 14921 | Lair:2   | Noticed a death yak
 14922 | Lair:2   | Noticed a death yak
 14949 | Lair:1   | Killed a death yak
 15051 | Lair:1   | Reached *** piety under Hepliaklqana
 15117 | Lair:1   | Noticed Fannar
 15131 | Lair:1   | Killed Fannar
 15132 | Lair:1   | Reached skill level 12 in Hexes
 15314 | Lair:1   | Reached skill level 5 in Fighting
 15611 | Lair:2   | Noticed Gastronok
 15778 | Lair:1   | Killed Gastronok
 15779 | Lair:1   | Reached XP level 12. HP: 37/77 MP: 4/15
 16257 | Lair:2   | Noticed a four-headed hydra
 16258 | Lair:2   | Killed a four-headed hydra
 16692 | Lair:2   | Identified the +7 rapier of Poverty {vorpal, rN+ Will+}
 17005 | Lair:1   | Killed a death yak
 17006 | Lair:1   | Reached skill level 13 in Hexes
 17622 | Lair:1   | Killed a death yak
 18038 | Lair:2   | Killed a death yak
 18062 | Lair:1   | Killed a death yak
 18619 | Lair:2   | Killed a death yak
 18620 | Lair:2   | Reached skill level 10 in Stealth
 18620 | Lair:2   | Gained mutation: You are mostly covered in slimy green
                  | scales. (AC +3) [demonic ancestry]
 18620 | Lair:2   | Reached XP level 13. HP: 63/85 MP: 11/16
 20076 | Lair:3   | Reached skill level 14 in Hexes
 20097 | Lair:3   | Reached **** piety under Hepliaklqana
 20606 | Lair:4   | Found a hole to the Spider Nest.
 21441 | Lair:4   | Found a runed translucent door.
 21441 | Lair:4   | Noticed Iwuung's ghost (journeyman DjFE)
 21549 | Lair:3   | Gained mutation: A powerful demonic guardian rushes to your
                  | aid. [demonic ancestry]
 21549 | Lair:3   | Reached XP level 14. HP: 58/94 MP: 17/17
 22274 | Lair:4   | Found a staircase to the Swamp.
 22324 | Lair:4   | Found a staircase to the Swamp.
 22383 | Lair:4   | Found a runed translucent door.
 22621 | Lair:4   | Acquired a +5 quick blade
 23434 | Lair:5   | Reached ***** piety under Hepliaklqana
 23454 | Lair:5   | Reached skill level 15 in Hexes
 24150 | Lair:6   | Entered Level 6 of the Lair of Beasts
 24235 | Lair:6   | Identified the +1 ring mail of a Million Suns {Fly Str+4
                  | Int+3}
 24422 | Lair:6   | Identified the +11 long sword of Wugegar {vorpal, rElec
                  | Dex+3}
 24499 | Lair:6   | Identified the +0 scale mail of Moral Flaws {rElec rN+ MP-9
                  | Slay+5}
 25129 | Lair:6   | Reached skill level 1 in Invocations
 26119 | D:11     | Gained mutation: You have sharp toenails. [demonic
                  | ancestry]
 26119 | D:11     | Reached XP level 15. HP: 102/102 MP: 18/18
 26158 | D:11     | Found a staircase to the Orcish Mines.
 26547 | D:11     | Noticed Urug
 26559 | D:11     | Killed Urug
 26563 | D:11     | Reached skill level 16 in Hexes
 27240 | D:12     | Reached skill level 10 in Dodging
 28189 | D:13     | Reached skill level 5 in Invocations
 28474 | D:13     | Found a gate to the Vaults.
 28677 | D:13     | You are sucked into a shaft and drop 1 floor!
 28970 | D:14     | Found a bloodstained altar of Trog.
 29438 | D:14     | Reached ****** piety under Hepliaklqana
 30273 | D:15     | Entered Level 15 of the Dungeon
 30817 | D:15     | Reached skill level 17 in Hexes
 30851 | D:15     | Found a staircase to the Depths.
 31128 | Orc:1    | Entered Level 1 of the Orcish Mines
 31150 | Orc:1    | Found a frozen archway.
 31309 | IceCv    | Entered an ice cave
 31378 | IceCv    | Gained mutation: Your magical and physical power is
                  | slightly enhanced at high health. [demonic ancestry]
 31378 | IceCv    | Reached XP level 16. HP: 108/108 MP: 21/21
 31961 | IceCv    | Got Meuxkol's Tome of the Snowflakes
 32776 | Orc:2    | Entered Level 2 of the Orcish Mines
 32905 | Orc:2    | Found a staircase to the Elven Halls.
 32927 | Orc:2    | Found Yvveuf's Antique Weapon Emporium.
 33051 | Orc:2    | Found Guiwk's Jewellery Emporium.
 33637 | Orc:2    | Noticed Jorgrun
 33652 | Orc:2    | Killed Jorgrun
 33876 | Orc:2    | Found Geffuq's Antique Armour Shoppe.
 33914 | Orc:2    | Found Watusur's Antique Weapon Emporium.
 34165 | Orc:2    | Found Hokhiug's Distillery.
 34173 | Orc:2    | Bought a potion of heal wounds for 70 gold pieces
 34173 | Orc:2    | Bought a potion of curing for 42 gold pieces
 34173 | Orc:2    | Bought a potion of curing for 42 gold pieces
 34173 | Orc:2    | Bought 2 potions of curing for 84 gold pieces
 34173 | Orc:2    | Bought a potion of cancellation for 112 gold pieces
 34182 | Orc:2    | Learned a level 4 spell: Cause Fear
 34424 | Spider:1 | Entered Level 1 of the Spider Nest
 34677 | Orc:2    | Bought an amulet of regeneration for 510 gold pieces
 34955 | Spider:1 | Acquired the ring "Dyoss" {*Slow +Blink rElec rC- Str+6}
 35727 | Spider:2 | Reached skill level 10 in Fighting
 35760 | Spider:2 | Reached skill level 18 in Hexes
 36601 | Spider:3 | Noticed Louise
 36611 | Spider:3 | Killed Louise
 36612 | Spider:3 | Gained mutation: You have razor-sharp toenails. [demonic
                  | ancestry]
 36612 | Spider:3 | Reached XP level 17. HP: 116/116 MP: 23/23
 36718 | Spider:3 | Noticed Arachne
 36730 | Spider:3 | Killed Arachne
 36967 | Spider:3 | Noticed Bai Suzhen
 36987 | Spider:3 | Killed Bai Suzhen
 37261 | Swamp:1  | Entered Level 1 of the Swamp
 37388 | Swamp:1  | Found a runed translucent gate.
 37405 | Swamp:1  | Found a runed translucent gate.
 37405 | Swamp:1  | Found a runed translucent gate.
 37405 | Swamp:1  | Noticed dolemite99's ghost (adept GnGl)
 37893 | Swamp:2  | Noticed Mlioglotl
 37960 | Swamp:2  | Killed Mlioglotl
 38309 | Swamp:2  | Identified the +2 leather armour "Yschi" {Rampage rC-
                  | Str+4}
 38590 | Swamp:3  | Reached skill level 5 in Spellcasting
 38729 | Swamp:3  | Identified the +0 scale mail of Lightning Storm {rF+ Will+
                  | Str+4}
 39202 | Swamp:3  | Identified the +1 robe "Zics" {*Corrode rPois Dex+8}
 39366 | Swamp:3  | Identified the +5 quarterstaff of Summer {vorpal, rC- Dex+5
                  | Stlth+}
 39455 | Swamp:4  | Entered Level 4 of the Swamp
 39809 | Swamp:4  | Paralysed by a hornet for 1 turns
 39871 | Swamp:4  | Reached skill level 19 in Hexes
 40127 | Swamp:4  | Reached XP level 18. HP: 126/126 MP: 17/27
 40332 | Swamp:4  | Got a decaying rune of Zot
 40382 | Swamp:4  | Learned a level 5 spell: Silence
 40382 | Swamp:4  | Found a runed translucent gate.
 40385 | Swamp:4  | Found a runed translucent gate.
 40385 | Swamp:4  | Found a runed translucent gate.
 40413 | Swamp:4  | Noticed Phlounder's ghost (adept DjFE)
 40413 | Swamp:4  | Noticed Racryxty's ghost (adept MiBe)
 40415 | Swamp:4  | Noticed Pooter's ghost (adept HOFi)
 40415 | Swamp:4  | Noticed Deodd's ghost (adept GrFi)
 40416 | Swamp:4  | Noticed robertstho's ghost (adept DjFE)
 40895 | Spider:4 | Entered Level 4 of the Spider Nest
 42558 | Spider:4 | Got a gossamer rune of Zot
 42998 | Elf:1    | Entered Level 1 of the Elven Halls
 43141 | Elf:1    | Reached skill level 1 in Air Magic
 43455 | Elf:1    | Found a radiant altar of Vehumet.
 43716 | Elf:1    | Reached skill level 20 in Hexes
 43944 | Elf:1    | Reached XP level 19. HP: 136/136 MP: 29/29
 44087 | Elf:1    | Reached skill level 15 in Stealth
 44247 | Elf:1    | Paralysed by an air elemental for 1 turns
 44710 | Elf:2    | Paralysed by an air elemental for 1 turns
 44716 | Elf:2    | Paralysed by an air elemental for 1 turns
 44818 | Elf:2    | Reached skill level 10 in Invocations
 44896 | Elf:2    | Found a runed translucent gate.
 44896 | Elf:2    | Found a runed translucent gate.
 44896 | Elf:2    | Found a runed translucent gate.
 44983 | Elf:2    | Identified the +7 rapier of Ruboo {vamp, *Rage rF+++ rC-
                  | Dex+6}
 45216 | Elf:3    | Entered Level 3 of the Elven Halls
 46106 | Elf:3    | Reached skill level 1 in Evocations
 46199 | Elf:3    | Identified the +0 cloak of Iriuzik {rElec Dex+3}
 46503 | Elf:3    | Identified the ring "Dodoh" {rF- rC+ rCorr}
 46522 | Elf:3    | Reached skill level 15 in Fighting
 46886 | Elf:3    | Got the Compendium of the Volcanoes and Evil
 46990 | Elf:3    | Identified the ring of Babiokhle {rPois rF+}
 47141 | Elf:3    | Got the Volume of Toxins and Black Secrets
 47146 | Elf:3    | Identified the amulet of Ukaunuck {Reflect rElec rF+ SH+5
                  | SInv}
 47234 | Elf:3    | Identified the +4 ring mail of Hubris {rPois}
 47246 | Elf:3    | Reached XP level 20. HP: 141/145 MP: 24/30
 47263 | Elf:3    | Identified the +2 leather armour of Ulaol {-Tele Rampage
                  | rElec Will++}
 47263 | Elf:3    | Identified the amulet "Quphumyi" {RegenMP rC++ rN+ MP+9
                  | Dex-2}
 47645 | D:9      | Bought a book of Misfortune for 416 gold pieces
 47651 | D:9      | Learned a level 5 spell: Yara's Violent Unravelling
 47651 | D:9      | Bought a book of Sloth for 576 gold pieces
 47657 | D:9      | Learned a level 5 spell: Metabolic Englaciation
 47769 | Vaults:1 | Entered Level 1 of the Vaults
 47860 | Vaults:1 | Reached skill level 21 in Hexes
 48152 | Vaults:1 | Found a runed translucent gate.
 48152 | Vaults:1 | Found a runed translucent gate.
 48152 | Vaults:1 | Found a runed translucent gate.
 48156 | Vaults:1 | Noticed jlumianski's ghost (veteran KoBe)
 48497 | Vaults:1 | Reached skill level 1 in Armour
 50393 | Vaults:2 | Found a staircase to the Crypt.
 51634 | Vaults:3 | Gained mutation: You have claws for feet. [demonic
                  | ancestry]
 51634 | Vaults:3 | Reached XP level 21. HP: 145/153 MP: 18/31
 51837 | Vaults:3 | Noticed a dread lich
 51867 | Vaults:3 | Killed a dread lich
 52000 | Vaults:3 | Cast into level 2 of the Abyss (a wizard)
 52341 | Abyss:2  | Reached skill level 5 in Armour
 52341 | Abyss:2  | Found a blossoming altar of Fedhas.
 52419 | Abyss:2  | Reached skill level 22 in Hexes
 52655 | Vaults:3 | Escaped the Abyss
 53527 | Vaults:3 | Gained mutation: You are frail. (-10% HP) [mutagenic glow]
 53539 | Vaults:3 | Gained mutation: Your body sometimes deteriorates upon
                  | taking damage. [mutagenic glow]
 53774 | Vaults:3 | Lost mutation: Your body sometimes deteriorates upon taking
                  | damage. [potion of mutation]
 53774 | Vaults:3 | Lost mutation: You are frail. (-10% HP) [potion of
                  | mutation]
 53774 | Vaults:3 | Gained mutation: You are robust. (+10% HP) [potion of
                  | mutation]
 53774 | Vaults:3 | Gained mutation: You sometimes lose the ability to read
                  | scrolls when taking damage. [potion of mutation]
 53775 | Vaults:3 | Lost mutation: You are robust. (+10% HP) [potion of
                  | mutation]
 53775 | Vaults:3 | Gained mutation: You occasionally shout uncontrollably at
                  | your foes. [potion of mutation]
 53775 | Vaults:3 | Gained mutation: Armour fits poorly on your strangely
                  | shaped body. [potion of mutation]
 53775 | Vaults:3 | Gained mutation: You are somewhat resistant to further
                  | mutation. [potion of mutation]
 53775 | Vaults:3 | Gained mutation: Your flesh is cold resistant. (rC+)
                  | [potion of mutation]
 53776 | Vaults:3 | Lost mutation: Armour fits poorly on your strangely shaped
                  | body. [potion of mutation]
 53776 | Vaults:3 | Lost mutation: You occasionally shout uncontrollably at
                  | your foes. [potion of mutation]
 53776 | Vaults:3 | Lost mutation: You are somewhat resistant to further
                  | mutation. [potion of mutation]
 53776 | Vaults:3 | Gained mutation: You occasionally shout uncontrollably at
                  | your foes. [potion of mutation]
 53776 | Vaults:3 | Gained mutation: Your mind is acute. (Int +2) [potion of
                  | mutation]
 53777 | Vaults:3 | Lost mutation: You occasionally shout uncontrollably at
                  | your foes. [potion of mutation]
 53777 | Vaults:3 | Lost mutation: Your flesh is cold resistant. (rC+) [potion
                  | of mutation]
 53777 | Vaults:3 | Lost mutation: You sometimes lose the ability to read
                  | scrolls when taking damage. [potion of mutation]
 53777 | Vaults:3 | Gained mutation: Your spells are a little harder to cast,
                  | but a little more powerful. [potion of mutation]
 53777 | Vaults:3 | Gained mutation: Armour fits poorly on your strangely
                  | shaped body. [potion of mutation]
 53777 | Vaults:3 | Gained mutation: Your spells are harder to cast, but more
                  | powerful. [potion of mutation]
 54396 | Vaults:4 | Acquired the Incunabulum of Translocation and Darkness
 55221 | Vaults:4 | Reached skill level 15 in Dodging
 55336 | Vaults:4 | Reached XP level 22. HP: 162/162 MP: 4/32
 55723 | Depths:1 | Entered Level 1 of the Depths
 56004 | Depths:1 | Found a one-way gate leading to the halls of Pandemonium.
 56287 | Depths:1 | Found a gateway to Hell.
 56345 | Depths:1 | Found an iron altar of Okawaru.
 57611 | Depths:2 | Found a gateway to a ziggurat.
 58022 | Depths:2 | Found a basalt altar of Yredelemnul.
 58111 | Depths:2 | Reached skill level 23 in Hexes
 58541 | Depths:2 | Found a corrupted altar of Lugonu.
 58545 | Depths:2 | Found a one-way gate to the infinite horrors of the Abyss.
 59685 | Depths:3 | Found a hide-covered altar of Uskayaw.
 60508 | Depths:3 | Reached skill level 5 in Evocations
 60565 | Depths:3 | Gained mutation: You regenerate a lot of health from kills.
                  | [demonic ancestry]
 60565 | Depths:3 | Reached XP level 23. HP: 139/169 MP: 25/35
 60728 | Depths:3 | Identified the +1 ring mail of the True Pharaoh {Regen+
                  | MP-9 Str+4 Int+2}
 61202 | Depths:4 | Learned a level 5 spell: Summon Mana Viper
 61896 | Depths:4 | You are sucked into a shaft and drop 1 floor!
 61896 | Depths:5 | Entered Level 5 of the Depths
 61897 | Depths:5 | Acquired a book of Chaos
 61909 | Depths:5 | Learned a level 8 spell: Discord
 61934 | Depths:5 | Noticed a caustic shrike
 61936 | Depths:5 | Noticed a caustic shrike
 61936 | Depths:5 | Noticed a caustic shrike
 61938 | Depths:5 | Noticed a caustic shrike
 61938 | Depths:5 | Noticed a caustic shrike
 61969 | Depths:4 | Killed a caustic shrike
 62905 | Depths:5 | Found a gate to the Realm of Zot.
 63410 | Depths:5 | Killed a caustic shrike
 63415 | Depths:5 | Killed a caustic shrike
 63424 | Depths:5 | Killed a caustic shrike
 63430 | Depths:5 | Killed a caustic shrike
 63512 | Depths:5 | Acquired a book of Burglary
 64936 | Lair:2   | Learned a level 6 spell: Invisibility
 64971 | Lair:2   | Identified the +8 trident "Qiokh" {venom, rF+ rC+ Str-4
                  | Int+4}
 65088 | Lair:4   | Killed Iwuung's ghost
 65089 | Lair:4   | Reached skill level 24 in Hexes
 65091 | Lair:4   | Identified the +4 hand axe of Gravity {vamp, *Slow rPois
                  | rCorr Int-3}
 65185 | Lair:6   | Found a staircase to the Slime Pits.
 65392 | Swamp:1  | Killed dolemite99's ghost
 65406 | Swamp:1  | Identified the +2 cloak of the Kraken {Rampage Dex+4}
 66007 | Vaults:1 | Killed jlumianski's ghost
 66008 | Vaults:1 | Reached skill level 10 in Spellcasting
 66014 | Vaults:1 | Reached XP level 24. HP: 157/176 MP: 32/37
 66045 | Vaults:1 | Identified the ring "Guix" {rPois rC- rN+++ Will- Int+6}
 66171 | Vaults:5 | Entered Level 5 of the Vaults
 66177 | Vaults:5 | Noticed Mennas
 66559 | Depths:2 | Voluntarily entered the Abyss.
 67123 | Abyss:3  | Found a corrupted altar of Lugonu.
 67268 | Abyss:3  | Got an abyssal rune of Zot
 67280 | Depths:2 | Escaped the Abyss
 67383 | Zot:1    | Entered Level 1 of the Realm of Zot
 67855 | Zot:1    | Reached skill level 25 in Hexes
 69285 | Zot:2    | Gained mutation: Your magical and physical power is
                  | enhanced at high health. [demonic ancestry]
 69285 | Zot:2    | Reached XP level 25. HP: 171/186 MP: 37/37
 69324 | Zot:2    | Noticed an orb of fire
 69333 | Zot:2    | Killed an orb of fire
 70030 | Zot:2    | Found Goenafy's CLEARANCE SALE!.
 70036 | Zot:2    | Bought a potion of heal wounds for 10 gold pieces
 70177 | Zot:3    | Noticed an orb of fire
 70182 | Zot:3    | Killed an orb of fire
 70233 | Zot:3    | Reached skill level 26 in Hexes
 70762 | Zot:3    | Identified the +6 chain mail of Watchfulness {Str-5 Dex+3}
 70961 | Zot:3    | Found a runed translucent gate.
 70962 | Zot:3    | Found a runed translucent gate.
 70964 | Zot:3    | Found a runed translucent gate.
 70966 | Zot:3    | Noticed Heeggyum's ghost (legendary GnFi)
 72323 | Zot:5    | Entered Level 5 of the Realm of Zot
 72935 | Zot:5    | Reached skill level 27 in Hexes
 73050 | Zot:5    | Noticed an ancient lich
 73052 | Zot:5    | Noticed an orb of fire
 73059 | Zot:5    | Killed an ancient lich
 73127 | Zot:5    | Noticed a dread lich
 73143 | Zot:5    | Killed a dread lich
 73144 | Zot:5    | Gained mutation: You are completely covered in slimy green
                  | scales. (AC +4, rPois) [demonic ancestry]
 73144 | Zot:5    | Reached XP level 26. HP: 197/198 MP: 33/37
 74026 | Zot:5    | Noticed an orb of fire
 74040 | Zot:5    | Gained mutation: Your magical capacity is low. (-10% MP)
                  | [an orb of fire]
 74050 | Zot:5    | Killed an orb of fire
 74266 | Zot:5    | Noticed an orb of fire
 74268 | Zot:5    | Noticed an orb of fire
 74283 | Zot:5    | Killed an orb of fire
 74495 | Zot:5    | Killed an orb of fire
 74629 | Zot:5    | Noticed a dread lich
 74647 | Zot:5    | Killed a dread lich
 75296 | Zot:5    | Got the Orb of Zot
 75394 | Zot:3    | Noticed Waox the pandemonium lord
 75762 | D:12     | Noticed Dahiav the pandemonium lord
 76156 | D:1      | Noticed Pimeary the pandemonium lord
 76160 | D:$      | Escaped with the Orb!

Illustrated notes

Levels and vault maps discovered:
D:1:      dpeg_arrival_rhombi, layout_basic, serial_shops, shop
D:2:      layout_basic, minmay_tiny_reverse_x, uniq_sigmund
D:3:      layout_basic, mainiacjoe_overflow_24_doors, serial_corexii_hall,
          corexii_hall_statues_deadend, corexii_hall_statues_s
D:4:      cheibrodos_quashed, layout_loops_corners, fedhas_altar_decomposition,
          marbit_many_paths, kennysheep_small_square
D:5:      layout_basic, good_gods_temple_1, general_overflow_altar,
          chequers_temple_overflow_minitemple, uniq_eustachio
D:6:      layout_basic, jmf_multi_god_temple2, serial_corexii_hall,
          corexii_hall_statues_l, chequers_hall_statues_y,
          kennysheep_decorative_pillar
D:7:      layout_basic, minmay_temple_entry_glassed_door, minmay_crossroads,
          uniq_crazy_yiuf_cottage, uniq_maggie, uniq_joseph
D:8:      layout_loops_ring, mainiacjoe_overflow_brackets,
          chequers_serial_rivers_micro_a, chequers_serial_rivers_room_b
D:9:      layout_roguey, erik_lair_dragon, serial_shops,
          nicolae_take_the_stairs, due_unseen_surprise
D:10:     layout_loops_corners, uniq_maurice
D:11:     layout_roguey [special_room_orc], erik_orc_4, uniq_urug
D:12:     minmay_four_partial_circles, layout_rooms
D:13:     layout_gridville, david_vaults_1
D:14:     layout_basic, serial_park_gazebo [serial_park_minivault_5x5_4]
D:15:     grunt_enter_depths_magical_seal, layout_long_grid,
          minmay_strange_pillars
Temple:   jpeg_temple_island
Lair:1:   layout_gridlike, uniq_fannar
Lair:2:   hangedman_what_comes_after_a, layout_regular_city, uniq_gastronok,
          uniq_harold
Lair:3:   layout_gridlike, kennysheep_abandoned_house
Lair:4:   layout_gridlike, palyth_hydra_swamp_entry,
          spider_nest_entry_funnel_web, gammafunk_ghost_grave,
          cheibrodos_lair_reptile_den, lemuel_fruit_fields
Lair:5:   layout_cave_pods
Lair:6:   grunt_lair_end_beastmaster, layout_cave_shapes,
          minmay_slime_entry_oklob_enclosed
Swamp:1:  layout_falls_marsh, gammafunk_ghost_necromancy,
          evilmike_swamp_ruin_rubble_2
Swamp:2:  layout_basic_swamp, evilmike_swamp_ruin_house_1, swamp_pool1,
          nicolae_swamp_super_fun_site, uniq_mlioglotl
Swamp:3:  layout_basic_swamp, evilmike_swamp_ruin_house_3
Swamp:4:  swamp_alternative, layout_basic_swamp, gammafunk_ghost_cemetery,
          swamp_pool1
Spider:1: layout_spider_delve, nicolae_spider_moth_buddies
Spider:2: layout_spider_delve
Spider:3: layout_spider_delve, uniq_bai_suzhen, uniq_arachne, uniq_louise
Spider:4: spider_rune_water, special_room [special_room_bee], hive_lemuel
Orc:1:    layout_caves, portal_ice_cave_entry_imps
Orc:2:    grunt_orc_community_town_hall, layout_caves,
          grunt_orc_community_big_house_1, grunt_orc_community_big_house_1,
          grunt_orc_community_house_1, grunt_orc_community_house_1,
          grunt_orc_community_house_3, grunt_orc_community_house_2,
          grunt_orc_community_house_2, grunt_orc_community_house_2,
          serial_shops, nicolae_shop_waterfront, uniq_jorgrun
Elf:1:    minmay_elf_arrival_plus, layout_loops_corners, basic_altar,
          grunt_ministairs_12, nicolae_elf_free_trip_to_the_abyss
Elf:2:    nicolae_elf_blades_splatter_lattice [nicolae_blade_entry_antechamber],
          layout_geoelf_grid, nicolae_elf_archery_training
Elf:3:    nooodl_elf_gasket, layout_geoelf_grid, due_unseen_surprise
Vaults:1: gammafunk_vaults_ghost_necromancy, vaults_room_pools,
          vaults_mumra_hex, ontoclasm_vaults_shuriken, hangedman_vaults_maws,
          ontoclasm_vaults_ring_large, vaults_room_ringed_pool,
          ontoclasm_vaults_hangar, v_misc_1, ontoclasm_vaults_eye,
          layout_vaults_big_room
Vaults:2: nicolae_vaults_angled_halls, vaults_room_boxed,
          nicolae_vaults_network_periphery, vaults_room_fancy_cross,
          vaults_dpeg_encased_lava, nicolae_vaults_little_ls,
          layout_vaults_omnigrid, minmay_crypt_entry_simple_box
Vaults:3: nicolae_vaults_an_arrangement, nicolae_vaults_network_square,
          v_misc_18, v_misc_1, vaults_dpeg_doors, hangedman_vaults_impose,
          v_misc_19, nicolae_vaults_arrows, v_pattern_2, vaults_room_grid,
          layout_vaults_omnicross
Vaults:4: nicolae_vaults_rhombus_5, vaults_standard_mumra_enter_the_diamond,
          nicolae_vaults_disjoint_gnomons, nicolae_vaults_network_barrier,
          nicolae_vaults_back_hallway, nicolae_vaults_ninety_degrees,
          ontoclasm_vaults_misaligned, v_alt_pattern_6,
          nicolae_vaults_angled_halls, nicolae_vaults_yaktaur_gun_rack,
          hangedman_vaults_impose, st_cross, vaults_dpeg_ring,
          layout_vaults_maze_bifur
Vaults:5: serial_shops, uniq_mennas
Depths:1: layout_cave_shapes, rand_demon_pan_entry_8, hell_entry,
          okawaru_altar_gauntlet_db, grunt_megastairs_5, serial_bayou_shore_a,
          serial_bayou_shore_b
Depths:2: kennysheep_cluttered_fort, layout_gridlike, enter_ziggurat_f,
          abyss_entry_flame_altar, minmay_misc_feat_square,
          grunt_hell_entry_dis_grunt, minmay_misc_feat_iff,
          nicolae_yredelemnul_corpse_copse, infiniplex_staircase_diamond
Depths:3: wad_courtyard, layout_basic, pf_vacation_house_of_asmodeus,
          nicolae_water_bricks, rand_demon_pan_entry_7, grunt_ministairs_6,
          nicolae_uskayaw_dance_hall, serial_bayou_shore_b,
          infiniplex_staircase_pillars_1
Depths:4: four-leaf_vault, layout_gridville, nrook_mini_vaults, hell_entry,
          nicolae_abyss_entry_one_way_or_another, drop_trap, grunt_ministairs_8,
          kennysheep_small_spiral, uniq_margery
Depths:5: grunt_zot_entry_alcove, layout_twisted_cross, grunt_mini_vestibule,
          serial_sigils_hangedman_snap, serial_bayou_shore_b
Zot:1:    kennysheep_spiral_hall, layout_onion
Zot:2:    layout_basic, nicolae_shop_clearance
Zot:3:    kennysheep_blocky_room, layout_cathedral_of_symmetry,
          ebering_ghost_rock_garden
Zot:4:    layout_basic, skrybe_zot_glass_3
Zot:5:    layout_misc_corridors

Skill      XL: |  1  2  3  4  5  6  7  8  9 10 11 12 13 14 15 16 17 18 19 20 21 22 23 24 25 26 |
---------------+-------------------------------------------------------------------------------+-----
Short Blades   | 1 2 3 4 5 6 7 8 9 |  9.9
Stealth        | 3 4 6 7 8 9 10 11 12 13 14 15 16 17 18 | 18.0
Shields        | 1 2 3 4 |  4.0
Hexes          | 4 5 6 8 9 11 12 13 14 15 17 18 19 20 21 22 23 24 25 27 | 27.0
Ice Magic      | 1 |  1.0
Dodging        | 3 5 6 7 8 9 10 11 12 13 14 15 16 | 16.6
Fighting       | 3 5 6 8 9 10 12 14 15 16 17 19 20 22 | 22.7
Invocations    | 2 7 9 10 | 10.4
Spellcasting   | 3 6 7 8 10 | 10.8
Air Magic      | 1 |  1.0
Evocations     | 3 4 5 7 |  7.1
Armour         | 4 6 7 8 |  8.5

Action                   |  1- 3 |  4- 6 |  7- 9 | 10-12 | 13-15 | 16-18 | 19-21 | 22-24 | 25-27 || total
-------------------------+-------+-------+-------+-------+-------+-------+-------+-------+-------++-------
Melee: Dagger            |   111 |   258 |   387 |   360 |       |       |       |       |       ||  1116
       Rapier            |       |       |       |   106 |   320 |       |       |       |       ||   426
       Quick blade       |       |       |       |       |   858 |  1467 |  1621 |  1503 |   537 ||  5986
       Kick              |       |       |       |       |       |       |   195 |   739 |   284 ||  1218
 Cast: Ensorcelled Hiber |    17 |    17 |    36 |    90 |   160 |   151 |    27 |    22 |     2 ||   522
       Tukima's Dance    |     1 |     5 |    48 |    18 |    65 |    35 |    64 |    46 |     8 ||   290
       Confusing Touch   |       |     3 |    13 |     4 |    13 |    12 |     1 |     3 |       ||    49
       Dazzling Flash    |       |       |       |    11 |    41 |    37 |    13 |     9 |       ||   111
       Silence           |       |       |       |       |       |     5 |    26 |     3 |     4 ||    38
       Metabolic Englaci |       |       |       |       |       |       |    37 |    31 |    10 ||    78
       Yara's Violent Un |       |       |       |       |       |       |    23 |    28 |     8 ||    59
       Cause Fear        |       |       |       |       |       |       |     1 |     1 |       ||     2
       Discord           |       |       |       |       |       |       |       |    27 |    17 ||    44
       Summon Mana Viper |       |       |       |       |       |       |       |    11 |    10 ||    21
       Invisibility      |       |       |       |       |       |       |       |     6 |     4 ||    10
Invok: Recall Ancestor   |       |       |       |     7 |     6 |     7 |     4 |     8 |     8 ||    40
       Ancestor Life: Kn |       |       |       |     1 |       |       |       |       |       ||     1
       Idealise          |       |       |       |       |     3 |     9 |     1 |     4 |     5 ||    22
       Transference      |       |       |       |       |       |       |       |     1 |       ||     1
Evoke: Wand              |       |       |     3 |     7 |     2 |     2 |       |     2 |     1 ||    17
       Condenser vane    |       |       |       |       |       |     4 |     3 |     2 |     1 ||    10
       Phantom mirror    |       |       |       |       |       |     2 |     1 |       |     1 ||     4
       Tin of tremorston |       |       |       |       |       |     2 |     1 |     1 |       ||     4
       Lightning rod     |       |       |       |       |       |       |     2 |       |       ||     2
  Use: Scroll            |       |    10 |     5 |    14 |    10 |     9 |     5 |     9 |     6 ||    68
       Potion            |       |       |       |       |       |     3 |     5 |       |    13 ||    21
 Stab: Sleeping          |    12 |    17 |    20 |    53 |    87 |   108 |    51 |    37 |    19 ||   404
       Confused          |       |     1 |    14 |     1 |    10 |    15 |     3 |     6 |       ||    50
       Distracted        |       |     1 |       |     4 |     7 |    18 |    17 |    30 |    13 ||    90
       Invisible         |       |       |       |     2 |    34 |    36 |     8 |    31 |     6 ||   117
       Petrified         |       |       |       |       |     3 |       |       |       |       ||     3
Armor: Robe              |    48 |    94 |   105 |    18 |       |       |       |       |       ||   265
       Ring mail         |       |       |       |   126 |   279 |   382 |   213 |   155 |    59 ||  1214
       Skin              |       |       |       |       |       |       |    13 |       |       ||    13
Dodge: Dodged            |   100 |   130 |   164 |   215 |   526 |   611 |   349 |   361 |   130 ||  2586
Block: Buckler           |       |       |    69 |   118 |   277 |   294 |   298 |   331 |   110 ||  1497
       Reflection        |       |       |       |       |       |       |    12 |     6 |     2 ||    20

Table legend: (Time is in decaauts)
 A = Elapsed time spent in this place.
 B = Non-inter-level travel time spent in this place.
 C = Inter-level travel time spent in this place.
 D = Time resting spent in this place.
 E = Time spent auto-exploring this place.
 F = Levels seen in this place.
 G = Mean time per level.
                   A        B        C        D        E       F      G
               +--------+--------+--------+--------+--------+-----+--------+
         Total |  71827 |  64938 |   6889 |   7826 |  39500 |  55 | 1305.9 |
       Dungeon |  21089 |  18336 |   2753 |   1808 |  12442 |  15 | 1405.9 |
        Temple |     78 |     78 |      0 |     47 |      0 |   1 |   78.0 |
          Lair |  12017 |  10777 |   1240 |   1152 |   6868 |   6 | 2002.8 |
         Swamp |   3490 |   3181 |    309 |    520 |   1646 |   4 |  872.5 |
   Spider Nest |   3842 |   3608 |    234 |    428 |   2160 |   4 |  960.5 |
  Orcish Mines |   2049 |   1828 |    221 |    186 |   1097 |   2 | 1024.5 |
   Elven Halls |   4058 |   3823 |    235 |    537 |   1969 |   3 | 1352.7 |
        Vaults |   7164 |   6559 |    605 |    242 |   4901 |   5 | 1432.8 |
        Depths |   8333 |   7210 |   1123 |    932 |   4362 |   5 | 1666.6 |
           Zot |   7633 |   7468 |    165 |   1912 |   3446 |   5 | 1526.6 |
         Abyss |   1143 |   1143 |      0 |     60 |      0 |   4 |  285.8 |
      Ice Cave |    925 |    925 |      0 |      0 |    609 |   1 |  925.0 |
               +--------+--------+--------+--------+--------+-----+--------+

Top non-repeatable levels by time:
  Lair:2: 3191 daAuts
   Zot:5: 2644 daAuts
  Lair:4: 2243 daAuts
Depths:2: 2232 daAuts
     D:9: 2180 daAuts
Depths:3: 2146 daAuts
   Elf:3: 1946 daAuts
Vaults:4: 1886 daAuts
  Lair:3: 1794 daAuts
Vaults:1: 1788 daAuts
Vaults:3: 1770 daAuts
Depths:4: 1725 daAuts
     D:4: 1725 daAuts
  Lair:1: 1722 daAuts
     D:6: 1720 daAuts
